BR (22 & UNDER)
SANTA CLARITA MUSIC @ ELKINS STING RAYS
07/16/2030
 
TOP OF THE 1ST
Santa Clarita Music batting - Pitching for Elkins Sting Rays : LHP Robert Smith
Pitching: LHP Robert Smith
Batting: LHB Federico Medina 0-0: Foul Ball, location: 2F
0-1: Fly out, F6 (Line Drive, 6M)
Batting: RHB Bill Ménard 0-0: Ball
1-0: Ball
2-0: Ball
3-0: Base on Balls
Batting: RHB Jeff Peterson 0-0: Swinging Strike
0-1: Ball
1-1: Ball
2-1: Fly out, F8 (Flyball, 78S)
Batting: LHB Ryan Cook 0-0: Called Strike
0-1: SINGLE (Line Drive, 4MD)
Bill Ménard to second
Batting: RHB Geoffrey Bishop 0-0: Swinging Strike
0-1: Ball
1-1: Ball
Wild Pitch!
Bill Ménard to third
Ryan Cook to second
2-1: Foul Ball, location: 2F
2-2: Strikes out swinging
Top of the 1st over - 0 runs, 1 hit, 0 errors, 2 left on base; Santa Clarita 0 - Elkins 0
BOTTOM OF THE 1ST
Elkins Sting Rays batting - Pitching for Santa Clarita Music : RHP Pedro Mercado
Pitching: RHP Pedro Mercado
Batting: LHB Rodrigo Díaz 0-0: Ball
1-0: Ball
2-0: Fly out, F8 (Flyball, 8LD)
Batting: LHB Dax Valdéz 0-0: Fly out, F7 (Flyball, 7LS)
Batting: LHB Carlos Músquez 0-0: Swinging Strike
0-1: Foul Ball, location: 2F
0-2: Ball
1-2: SOLO HOME RUN (Flyball, 78D), Distance : 412 ft
Batting: RHB Emery Cooper 0-0: Called Strike
0-1: Ball
1-1: Ball
2-1: Fly out, F8 (Flyball, 89M)
Bottom of the 1st over - 1 run, 1 hit, 0 errors, 0 left on base; Santa Clarita 0 - Elkins 1
TOP OF THE 2ND
Santa Clarita Music batting - Pitching for Elkins Sting Rays : LHP Robert Smith
Batting: RHB Júlio Mateo 0-0: Called Strike
0-1: Ball
1-1: Foul Ball, location: 2F
1-2: Foul Ball, location: 2F
1-2: Strikes out looking
Batting: LHB Daryl Thomas 0-0: Called Strike
0-1: Ball
1-1: Foul Ball, location: 2F
1-2: Ball
2-2: Foul Ball, location: 2F
2-2: Ball
3-2: Strikes out looking
Batting: SHB Matthew Hughes 0-0: Ball
1-0: Called Strike
1-1: Fly out, F3 (Line Drive, 3)
Top of the 2nd over - 0 runs, 0 hits, 0 errors, 0 left on base; Santa Clarita 0 - Elkins 1
BOTTOM OF THE 2ND
Elkins Sting Rays batting - Pitching for Santa Clarita Music : RHP Pedro Mercado
Batting: LHB Bruce Shelton 0-0: Ball
1-0: SINGLE (Groundball, 4) (infield hit)
Batting: RHB César López 0-0: Ball
1-0: Called Strike
1-1: DOUBLE (Line Drive, 78D)
Bruce Shelton to third
Batting: LHB Rafael Carrión 0-0: Ball
1-0: Ball
2-0: Ball
3-0: Called Strike
3-1: Foul Ball, location: 2F
3-2: Base on Balls
Batting: RHB Félix Chávez 0-0: Foul Ball, location: 2F
0-1: Ball
1-1: Ball
2-1: SINGLE (Line Drive, 89M)
Bruce Shelton scores
César López to third
Rafael Carrión to second
Batting: LHB Wayne Morgan 0-0: Foul Ball, location: 2F
0-1: Foul Ball, location: 2F
0-2: Ground out 4-3 (Groundball, 34D)
César López scores
Rafael Carrión to third
Félix Chávez to second
Batting: LHB Rodrigo Díaz 0-0: Ball
1-0: SINGLE (Line Drive, 89M)
Rafael Carrión scores
Félix Chávez to third
Runner from 3rd tries for Home, SAFE, no throw
Batting: LHB Dax Valdéz 0-0: Ball
1-0: Fly out, F7 (Flyball, 7LMF)
Batting: LHB Carlos Músquez 0-0: Ball
1-0: Called Strike
1-1: Foul Ball, location: 2F
1-2: DOUBLE (Flyball, 89D)
Rodrigo Díaz to third
Batting: RHB Emery Cooper 0-0: Swinging Strike
0-1: Foul Ball, location: 2F
0-2: Fly out, F7 (Flyball, 7S)
Bottom of the 2nd over - 4 runs, 5 hits, 0 errors, 2 left on base; Santa Clarita 0 - Elkins 5
TOP OF THE 3RD
Santa Clarita Music batting - Pitching for Elkins Sting Rays : LHP Robert Smith
Batting: RHB Lorenzo Camacho 0-0: Ball
1-0: Called Strike
1-1: Swinging Strike
1-2: Ball
2-2: Fly out, F9 (Line Drive, 9)
Batting: LHB Federico Medina 0-0: SINGLE (Line Drive, 9LS)
Batting: RHB Bill Ménard 0-0: Ball
1-0: Foul Ball, location: 2F
Pickoff Throw to First - Error! E1
Federico Medina to second
1-1: Ball
2-1: Ball
3-1: Foul Ball, location: 2F
3-2: SINGLE (Line Drive, 3)
Federico Medina to third
Batting: RHB Jeff Peterson 0-0: Foul Ball, location: 2F
0-1: Foul Ball, location: 2F
0-2: Ball
1-2: Ball
2-2: Fly out, F8 (Flyball, 8RD)
Runner from 3rd tags up, SCORES, no throw
Batting: LHB Ryan Cook 0-0: Ball
1-0: Ball
2-0: Foul Ball, location: 2F
2-1: Ball
3-1: Fly out, F7 (Flyball, 7S)
Top of the 3rd over - 1 run, 2 hits, 1 error, 1 left on base; Santa Clarita 1 - Elkins 5
BOTTOM OF THE 3RD
Elkins Sting Rays batting - Pitching for Santa Clarita Music : RHP Pedro Mercado
Batting: LHB Bruce Shelton 0-0: Ball
1-0: Ball
2-0: Foul Ball, location: 2F
2-1: Ball
3-1: Foul Ball, location: 2F
3-2: Fly out, F9 (Flyball, 9S)
Batting: RHB César López 0-0: Swinging Strike
0-1: SINGLE (Line Drive, 78S)
Batting: LHB Rafael Carrión 0-0: Ball
1-0: Fly out, F5 (Popup, 15)
Batting: RHB Félix Chávez 0-0: Called Strike
0-1: TRIPLE (Line Drive, 89XD)
César López scores
Batting: LHB Wayne Morgan 0-0: Called Strike
0-1: Fly out, F9 (Flyball, 9LMF)
Bottom of the 3rd over - 1 run, 2 hits, 0 errors, 1 left on base; Santa Clarita 1 - Elkins 6
TOP OF THE 4TH
Santa Clarita Music batting - Pitching for Elkins Sting Rays : LHP Robert Smith
Batting: RHB Geoffrey Bishop 0-0: Ball
1-0: Ball
2-0: Fly out, F2 (Popup, 2RF)
Batting: RHB Júlio Mateo 0-0: Called Strike
0-1: Fly out, F8 (Flyball, 8RM)
Batting: LHB Daryl Thomas 0-0: Ball
1-0: Fly out, F9 (Flyball, 9D)
Top of the 4th over - 0 runs, 0 hits, 0 errors, 0 left on base; Santa Clarita 1 - Elkins 6
BOTTOM OF THE 4TH
Elkins Sting Rays batting - Pitching for Santa Clarita Music : RHP Pedro Mercado
Batting: LHB Rodrigo Díaz 0-0: Called Strike
0-1: Ball
1-1: Ball
2-1: Ground out 4-3 (Groundball, 4)
Batting: LHB Dax Valdéz 0-0: Ball
1-0: Ball
2-0: Ball
3-0: Called Strike
3-1: Ground out 4-3 (Groundball, 4M)
Batting: LHB Carlos Músquez 0-0: Called Strike
0-1: Swinging Strike
0-2: Ball
1-2: Foul Ball, location: 2F
1-2: Strikes out swinging
Bottom of the 4th over - 0 runs, 0 hits, 0 errors, 0 left on base; Santa Clarita 1 - Elkins 6
TOP OF THE 5TH
Santa Clarita Music batting - Pitching for Elkins Sting Rays : LHP Robert Smith
Batting: SHB Matthew Hughes 0-0: DOUBLE (Flyball, 8LXD)
Batting: RHB Lorenzo Camacho 0-0: Ball
1-0: Called Strike
1-1: Foul Ball, location: 2F
1-2: Strikes out swinging
Batting: LHB Federico Medina 0-0: Called Strike
0-1: Ball
1-1: Ball
2-1: Foul Ball, location: 2F
2-2: Ball
3-2: Ground out 4-3 (Groundball, 34D)
Matthew Hughes to third
Batting: RHB Bill Ménard 0-0: Ground out U3 (Groundball, 34S)
Top of the 5th over - 0 runs, 1 hit, 0 errors, 1 left on base; Santa Clarita 1 - Elkins 6
BOTTOM OF THE 5TH
Elkins Sting Rays batting - Pitching for Santa Clarita Music : RHP Pedro Mercado
Batting: RHB Emery Cooper 0-0: Foul Ball, location: 2F
0-1: Foul Ball, location: 2F
0-2: Ball
1-2: Strikes out looking
Batting: LHB Bruce Shelton 0-0: Foul Ball, location: 2F
0-1: Ball
1-1: Ball
2-1: Called Strike
2-2: Ball
3-2: Ground out 6-3 (Groundball, 6M)
Batting: RHB César López 0-0: SINGLE (Groundball, 6MD)
Pitching: RHP Júlio Cruz
Batting: LHB Rafael Carrión 0-0: Ball
1-0: Ball
2-0: Ball
3-0: Called Strike
3-1: Foul Ball, location: 2F
3-2: Strikes out swinging
Bottom of the 5th over - 0 runs, 1 hit, 0 errors, 1 left on base; Santa Clarita 1 - Elkins 6
TOP OF THE 6TH
Santa Clarita Music batting - Pitching for Elkins Sting Rays : LHP Robert Smith
Batting: RHB Jeff Peterson 0-0: Ball
1-0: Called Strike
1-1: Foul Ball, location: 2F
1-2: SINGLE (Groundball, 6MD)
Batting: LHB Ryan Cook 0-0: Ball
1-0: Ball
2-0: Foul Ball, location: 2F
2-1: Ball
3-1: SINGLE (Groundball, 4D)
Jeff Peterson to second
Runner from 2nd tries for 3rd, SAFE, throw made to third
Batting: RHB Geoffrey Bishop 0-0: Foul Ball, location: 2F
0-1: Ball
1-1: Grounds into double play, 4-6-3 (Groundball, 4)
Jeff Peterson scores
Batting: RHB Júlio Mateo 0-0: Ball
1-0: Ball
2-0: Called Strike
2-1: Ball
3-1: Called Strike
3-2: Strikes out swinging
Top of the 6th over - 1 run, 2 hits, 0 errors, 0 left on base; Santa Clarita 2 - Elkins 6
BOTTOM OF THE 6TH
Elkins Sting Rays batting - Pitching for Santa Clarita Music : RHP Júlio Cruz
Batting: RHB Félix Chávez 0-0: SINGLE (Line Drive, 9LS)
Batting: LHB Wayne Morgan 0-0: Ball
Félix Chávez steals 2nd base
1-0: Ground out U3 (Groundball, 3L)
Félix Chávez to third
Batting: LHB Rodrigo Díaz 0-0: Foul Ball, location: 2F
0-1: Ball
1-1: DOUBLE (Flyball, 8LXD)
Félix Chávez scores
Batting: LHB Dax Valdéz 0-0: Ball
1-0: Fly out, F8 (Flyball, 78D)
Batting: LHB Carlos Músquez 0-0: Ball
1-0: Ball
2-0: Ball
3-0: Called Strike
3-1: Base on Balls
Batting: RHB Emery Cooper 0-0: Called Strike
0-1: Ball
1-1: Fly out, F9 (Flyball, 9LMF)
Bottom of the 6th over - 1 run, 2 hits, 0 errors, 2 left on base; Santa Clarita 2 - Elkins 7
TOP OF THE 7TH
Santa Clarita Music batting - Pitching for Elkins Sting Rays : LHP Robert Smith
Pitching: LHP Pedro Cavilla
Batting: LHB Daryl Thomas 0-0: Foul Ball, location: 2F
0-1: Ball
1-1: Called Strike
1-2: Ball
2-2: Strikes out swinging
Batting: SHB Matthew Hughes 0-0: Called Strike
0-1: Ground out 5-3 (Groundball, 56S)
Batting: RHB Lorenzo Camacho 0-0: Fly out, F4 (Flyball, 4MD)
Top of the 7th over - 0 runs, 0 hits, 0 errors, 0 left on base; Santa Clarita 2 - Elkins 7
BOTTOM OF THE 7TH
Elkins Sting Rays batting - Pitching for Santa Clarita Music : RHP Júlio Cruz
Batting: LHB Bruce Shelton 0-0: Called Strike
0-1: Ball
1-1: Ball
2-1: Ball
3-1: Base on Balls
Batting: RHB César López 0-0: SINGLE (Flyball, 9LS)
Bruce Shelton to second
Runner from 2nd tries for 3rd, SAFE, no throw
Batting: LHB Rafael Carrión 0-0: Foul Ball, location: 2F
0-1: Fly out, F7 (Line Drive, 7)
Runner from 3rd tags up, SCORES, no throw
Batting: RHB Félix Chávez 0-0: Ball
1-0: Fly out, F4 (Line Drive, 4)
Batting: LHB Wayne Morgan 0-0: Ball
Throwing error on steal attempt, E2
César López to third
1-0: Called Strike
1-1: SINGLE (Groundball, 34D)
César López scores
Batting: LHB Rodrigo Díaz 0-0: Ball
1-0: Foul Ball, location: 2F
1-1: Ball
2-1: Foul Ball, location: 2F
2-2: Fly out, F5 (Line Drive, 56)
Bottom of the 7th over - 2 runs, 2 hits, 1 error, 1 left on base; Santa Clarita 2 - Elkins 9
TOP OF THE 8TH
Santa Clarita Music batting - Pitching for Elkins Sting Rays : LHP Pedro Cavilla
Now in LF: Jesús Miranda
Batting: LHB Federico Medina 0-0: Ball
1-0: Foul Ball, location: 2F
1-1: Ball
2-1: Ball
3-1: Foul Ball, location: 2F
3-2: Strikes out swinging
Batting: RHB Bill Ménard 0-0: Foul Ball, location: 2F
0-1: Swinging Strike
0-2: Strikes out swinging
Batting: RHB Jeff Peterson 0-0: Called Strike
0-1: Ball
1-1: Ball
2-1: Foul Ball, location: 2F
2-2: DOUBLE (Flyball, 89XD)
Batting: LHB Ryan Cook 0-0: Ball
1-0: Ball
2-0: SINGLE (Groundball, 15S) (infield hit)
Jeff Peterson to third
Batting: RHB Geoffrey Bishop 0-0: Ball
1-0: Fly out, F9 (Flyball, 89D)
Top of the 8th over - 0 runs, 2 hits, 0 errors, 2 left on base; Santa Clarita 2 - Elkins 9
BOTTOM OF THE 8TH
Elkins Sting Rays batting - Pitching for Santa Clarita Music : RHP Júlio Cruz
Batting: LHB Dax Valdéz 0-0: Called Strike
0-1: Ball
1-1: Swinging Strike
1-2: Ball
2-2: Ball
3-2: Base on Balls
Batting: LHB Carlos Músquez 0-0: Ball
1-0: Foul Ball, location: 2F
1-1: Called Strike
1-2: Ball
2-2: Foul Ball, location: 2F
2-2: Ball
3-2: Fly out, F9 (Flyball, 9S)
Batting: RHB Emery Cooper 0-0: Called Strike
0-1: Ball
1-1: Ball
2-1: Fly out, F4 (Popup, 4S)
Batting: LHB Bruce Shelton 0-0: Called Strike
0-1: SINGLE (Groundball, 6MD)
Dax Valdéz to second
Runner from 2nd tries for 3rd, SAFE, throw made to third
Batting: RHB César López 0-0: Called Strike
0-1: Ball
1-1: Ball
2-1: Foul Ball, location: 2F
2-2: Foul Ball, location: 2F
2-2: Ball
3-2: Fly out, F9 (Line Drive, 89M)
Bottom of the 8th over - 0 runs, 1 hit, 0 errors, 2 left on base; Santa Clarita 2 - Elkins 9
TOP OF THE 9TH
Santa Clarita Music batting - Pitching for Elkins Sting Rays : LHP Pedro Cavilla
Now at 1B: Pedro Estrada
Batting: RHB Júlio Mateo 0-0: Foul Ball, location: 2F
0-1: Ball
1-1: Foul Ball, location: 2F
1-2: Ball
2-2: Ball
3-2: Strikes out looking
Batting: LHB Daryl Thomas 0-0: Called Strike
0-1: DOUBLE (Line Drive, 7LM)
Batting: SHB Matthew Hughes 0-0: Called Strike
0-1: Ball
1-1: Ball
2-1: Ground out 5-3 (Groundball, 56)
Batting: RHB Lorenzo Camacho 0-0: Ball
1-0: Called Strike
1-1: Ball
2-1: DOUBLE (Flyball, 89D)
Daryl Thomas scores
Batting: LHB Federico Medina 0-0: Ball
1-0: Ball
2-0: Ball
3-0: Called Strike
3-1: Base on Balls
Batting: RHB Bill Ménard 0-0: Called Strike
0-1: Ball
1-1: Ball
Wild Pitch!
Lorenzo Camacho to third
Federico Medina to second
2-1: Foul Ball, location: 2F
2-2: Strikes out looking
Top of the 9th over - 1 run, 2 hits, 0 errors, 2 left on base; Santa Clarita 3 - Elkins 9
Saturday, April 7th, 2018 - OOTP Baseball 18.8 Build 76